Map: Winter's Gate LE

Players

TIME (Oliveira) - Winner!

  • Race: Terran Terran
  • League: Master
  • Spawn Location: 11:00

Kelazhur

  • Race: Terran Terran
  • Spawn Location: 5:00

Event: NationWars 2019

VOD

Have the link to the VOD?

Description

Time

  • Played on: Nov. 13, 2019, 2:30 p.m.
  • Length: 4:46

All games in this series

Show
View Real Time Build Order
Export as new Build Order

TIME Terran - Winner!

Build Orders: 1/1/1, Liberator Opening 

Get SALT Encoding   

  12  0:01  SCV  
  13  0:13  SCV  
  14  0:17  Supply Depot  
  14  0:25  SCV  
  14  0:28  Refinery  
  15  0:39  SCV  
  16  0:44  Barracks  
  16  0:51  SCV  
  16  0:55  Refinery  
  17  1:03  SCV  
  18  1:18  SCV  
  19  1:33  Orbital Command  
  19  1:35  Factory  
  19  1:37  Reaper  
  20  1:48  Supply Depot  
  20  1:59  SCV  
  21  2:09  Reaper  
  21  2:13  SCV  
  23  2:19  Starport  
  25  2:25  Widow Mine  
  25  2:29  SCV  
  25  2:30  Bunker  
  25  2:41  SCV, Marine  
  27  2:50  Liberator  
  26  2:51  Widow Mine  
  26  2:58  Marine  
  26  3:00  SCV  
  29  3:14  Factory Tech Lab  
  29  3:17  Marine  
  29  3:18  SCV  
  31  3:25  Supply Depot  
  31  3:41  Supply Depot  
  31  3:51  SCV  
  31  3:53  Starport Tech Lab  
  30  3:56  Supply Depot  
  30  4:02  Marine  
  31  4:03  SCV, Cyclone  
  35  4:11  Supply Depot  
Show
View Real Time Build Order
Export as new Build Order

Kelazhur Terran 

Build Orders:  

Get SALT Encoding   

  12  0:00  SCV  
  13  0:13  SCV  
  14  0:17  Supply Depot  
  14  0:25  SCV  
  15  0:39  SCV  
  16  0:44  Barracks  
  16  0:47  Refinery  
  16  0:59  Barracks  
  16  1:03  SCV  
  17  1:15  SCV  
  18  1:31  Orbital Command, Barracks Tech Lab  
  18  1:44  Supply Depot, Refinery  
  18  1:47  Barracks Tech Lab  
  18  1:53  Marauder  
  21  2:06  Marauder  
  21  2:07  Concussive Shells  
  22  2:11  SCV  
  23  2:16  Marauder  
  25  2:28  Marauder  
  27  2:31  SCV  
  27  2:34  Supply Depot  
  28  2:44  Marauder  
  30  2:52  SCV  
  26  3:01  Marauder  
  26  3:04  Factory  
  28  3:12  SCV  
  29  3:24  SCV  
  29  3:25  Marauder  
  29  3:36  SCV  
  29  3:47  Marauder  
  26  3:48  SCV  
  26  3:53  Hellion  
  28  4:00  SCV, Starport  
  28  4:10  Marauder  
  28  4:14  Factory Tech Lab  
  28  4:16  SCV  
Tags
 
Add a new tag
Caveats
  • Supply blocks, unpowered buildings, or Contaminate may cause inaccurate times.
  • Supply counts are checked every 10 seconds.